 Dungeon Crawl Stone Soup version 0.21.1-1-g345015f (webtiles) character file.

7490 inmateoo the Thaumaturge (level 10, -19/59 HPs)
             Began as a Deep Elf Fire Elementalist on Mar 1, 2018.
             Was a Priest of Vehumet.
             Demolished by 1994's ghost (26 damage)
             ... on level 9 of the Dungeon on Mar 2, 2018.
             The game lasted 00:25:05 (9078 turns).

inmateoo the Thaumaturge (DEFE)                     Turns: 9078, Time: 00:25:05

Health: -19/59     AC:  9    Str:  5    XL:     10   Next: 95%
Magic:  17/26      EV: 17    Int: 24    God:    Vehumet [***...]
Gold:   502        SH:  0    Dex: 15    Spells: 10/29 levels left

rFire    . . .     SeeInvis +   s - staff of energy
rCold    + . .     Gourm    .   (no shield)
rNeg     . . .     Faith    .   j - +2 robe {MR+}
rPois    .         Spirit   .   o - +0 helmet
rElec    .         Reflect  .   z - +2 cloak of the Thief {+Fog Slay-2 SInv Stlth+}
rCorr    .         Harm     .   d - +0 pair of gloves
MR       ++...                  (no boots)
Stlth    ++++......             w - amulet of magic regeneration
HPRegen  0.19/turn              t - ring of protection from cold
MPRegen  0.45/turn              (no ring)

@: no status effects
A: no striking features
a: Renounce Religion, Evoke Fog


You were on level 9 of the Dungeon.
You worshipped Vehumet.
Vehumet was most pleased with you.
You were hungry.

You visited 2 branches of the dungeon, and saw 10 of its levels.

You collected 502 gold pieces.

Inventory:

Hand Weapons
 y - a +4 quarterstaff of protection
Armour
 d - a +0 pair of gloves (worn)
 j - a +2 robe of magic resistance (worn)
 o - a +0 helmet (worn)
 z - the +2 cloak of the Thief (worn) {+Fog Slay-2 SInv Stlth+}
   (You found it on level 7 of the Dungeon)

   It affects your accuracy and damage with ranged weapons and melee attacks
   (-2).
   It lets you see invisible.
   It makes you more stealthy.
Magical Staves
 s - an uncursed staff of energy (weapon)
Jewellery
 t - a ring of protection from cold (left hand)
 w - an amulet of magic regeneration (around neck)
 A - an uncursed ring of ice
Wands
 k - a wand of random effects (25)
 m - a wand of disintegration (7)
Scrolls
 a - 3 scrolls of remove curse
 b - a scroll of fog
 g - 2 scrolls of identify
 i - 2 scrolls of teleportation
 q - a scroll of amnesia
 v - 4 scrolls of enchant armour
Potions
 e - 2 potions of agility
 f - 2 potions of flight
 h - 2 potions of lignification
 n - 2 potions of might
 p - 2 potions of haste
 r - 3 potions of mutation
 u - 2 potions of brilliance
Comestibles
 c - 24 rations


   Skills:
 - Level 5.0 Fighting
 - Level 4.0 Staves
 - Level 7.2 Dodging
 - Level 4.5 Stealth
 * Level 10.2 Spellcasting
 + Level 6.1 Conjurations
 - Level 10.1 Fire Magic
 - Level 5.0 Evocations


You had 10 spell levels left.
You knew the following spells:

 Your Spells              Type           Power        Failure   Level  Hunger
a - Flame Tongue          Conj/Fire      #####        1%          1    None
b - Throw Flame           Conj/Fire      ######       1%          2    None
c - Conjure Flame         Conj/Fire      ######..     1%          3    None
d - Sticky Flame          Conj/Fire      ######..     1%          4    None
e - Fireball              Conj/Fire      ######....   1%          5    None
f - Ignite Poison         Fire/Tmut/Pois ####....     1%          3    None
g - Apportation           Tloc           ##....       5%          1    None


Dungeon Overview and Level Annotations

Branches:
Dungeon (9/15)             Temple (1/1) D:5            Lair (0/6) D:9
    Orc (0/2) D:9

Altars:
Ashenzari
Cheibriados
Dithmenos
Elyvilon
Fedhas
Gozag
Hepliaklqana
Makhleb
Nemelex Xobeh
Okawaru
Ru
Trog
Uskayaw
Vehumet
Wu Jian
Zin
The Shining One

Shops:
D:4 %

Annotations:
D:9 1994's ghost, journeyman OgBe


Message History

1994's ghost is engulfed in blazing flames. 1994's ghost hits you!
Unknown command.
Casting: Sticky Flame
Confirm with . or Enter, or press ? or * to list all spells.
Aiming: Flame Tongue
Press: ? - help, Shift-Dir - straight line, f/p - 1994's ghost
Aim: 1994's ghost (flame, lightly damaged)
The flame tongue hits 1994's ghost. 1994's ghost is moderately damaged. 1994's ghost is engulfed in blazing flames. 1994's ghost hits you!!!
Ouch! That really hurt!
* * * LOW HITPOINT WARNING * * *
Okay, then.
Okay, then. 1994's ghost is engulfed in blazing flames. 1994's ghost screams in joy, "As in life, so in death: Kill!
Kill!!
Kill!!!" 1994's ghost hits you!!
You die...

..#.........#
.##.........#
.##.........#
### ##.
#.........#
..( #).
#.........# #
#.###.#
#.........' #.
#...#.#
#.........#
#.# ###W#.#
#.........#
...#.@.'.#
#######'###
###.#.#.###
#.# #.....#.#
#.# #####'###
#.## #....#
#..# #.####
####.##
##.########
#......
#.........#
#......
#.......<.####
#......


You could see 1994's ghost.

Vanquished Creatures
  3 two-headed ogres (D:8)
  Pikel (D:7)
  A hippogriff (D:7)
  5 yaks
  2 hogs (D:7)
  A hungry ghost (D:7)
  4 porcupines (D:9)
  A water moccasin (D:7)
  2 sky beasts
  2 slaves (D:7)
  3 orc warriors
  A black bear (D:7)
  3 centaurs
  6 ogres
  3 bullfrogs
  5 scorpions
  3 killer bees (D:8)
  5 wights (D:8)
  2 howler monkeys
  A bullfrog zombie (D:9)
  3 crimson imps
  2 hounds
  A bullfrog skeleton (D:8)
  A gnoll shaman (D:7)
  2 orc priests
  8 orc wizards
  3 iguanas
  6 worker ants
  A killer bee zombie (D:7)
  A hound zombie (D:8)
  A hound skeleton (D:7)
  2 worker ant zombies (D:6)
  Robin (D:4)
  7 adders
  6 gnolls
  2 river rats (D:6)
  A shadow imp (D:8)
  3 oozes
  An adder zombie (D:6)
  A worm (D:4)
  3 leopard geckos
  18 orcs
  8 giant cockroaches
  12 hobgoblins
  5 jackals
  A kobold (D:1)
  3 ball pythons
  8 bats
  5 frilled lizards
  18 goblins
  A leopard gecko skeleton (D:5)
  A quokka zombie (D:5)
  10 rats
200 creatures vanquished.

Vanquished Creatures (others)
  2 slaves (D:7)
  A human (D:7)
  A centaur (D:7)
  A fungus (D:9)
5 creatures vanquished.

Grand Total: 205 creatures vanquished

Notes
Turn   | Place    | Note
-------+----------+-------------------------------------------
     0 | D:1      | inmateoo the Deep Elf Fire Elementalist began the quest for the Orb.
     0 | D:1      | Reached XP level 1. HP: 10/10 MP: 6/6
    68 | D:1      | Found a shattered altar of Ashenzari.
   243 | D:1      | Reached XP level 2. HP: 10/15 MP: 1/8
   454 | D:1      | Learned a level 2 spell: Throw Flame
   702 | D:2      | Reached XP level 3. HP: 13/19 MP: 0/9
   779 | D:2      | Learned a level 3 spell: Conjure Flame
  1306 | D:2      | Reached XP level 4. HP: 19/24 MP: 5/10
  1469 | D:2      | Found a blossoming altar of Fedhas.
  1490 | D:2      | Found a faded altar of an unknown god.
  1574 | D:2      | Reached skill level 5 in Fire Magic
  2318 | D:3      | Reached XP level 5. HP: 22/28 MP: 0/11
  3041 | D:4      | Reached XP level 6. HP: 32/32 MP: 5/12
  3131 | D:4      | Noticed Robin
  3134 | D:4      | Killed Robin
  3609 | D:4      | Learned a level 5 spell: Fireball
  3632 | D:4      | Found Lulepic's Food Boutique.
  3992 | D:5      | Entered Level 5 of the Dungeon
  3992 | D:5      | Found a staircase to the Ecumenical Temple.
  3995 | D:5      | Noticed a sky beast
  4054 | D:5      | Reached skill level 1 in Fighting
  4054 | D:5      | Reached XP level 7. HP: 37/38 MP: 9/14
  4153 | D:4      | Reached skill level 1 in Evocations
  4226 | Temple   | Entered the Ecumenical Temple
  4259 | Temple   | Became a worshipper of Vehumet
  4708 | D:5      | Got a silken robe
  4719 | D:5      | Identified the +2 robe of the Burgomaster {rC- rN+ Str+7} (You found it on level 5 of the Dungeon)
  4727 | D:5      | Learned a level 4 spell: Sticky Flame
  4876 | D:6      | Reached skill level 5 in Spellcasting
  5058 | D:7      | Found a shattered altar of Ashenzari.
  5121 | D:7      | Noticed Pikel
  5237 | D:7      | Noticed a hippogriff
  5245 | D:7      | Killed a hippogriff
  5245 | D:7      | Reached XP level 8. HP: 29/46 MP: 10/18
  5445 | D:6      | Reached * piety under Vehumet
  5445 | D:6      | Offered knowledge of Sandblast by Vehumet.
  5884 | D:6      | Reached skill level 5 in Evocations
  6188 | D:7      | Reached skill level 5 in Fighting
  6297 | D:7      | Reached XP level 9. HP: 50/54 MP: 14/20
  6441 | D:7      | Found the +2 cloak of the Thief {+Fog Slay-2 SInv Stlth+}
  6509 | D:7      | Killed Pikel
  6839 | D:7      | Reached skill level 10 in Fire Magic
  6859 | D:7      | Reached skill level 5 in Conjurations
  7168 | D:8      | Reached ** piety under Vehumet
  7168 | D:8      | Offered knowledge of Sting by Vehumet.
  7174 | D:8      | Noticed a two-headed ogre
  7392 | D:8      | Reached skill level 5 in Dodging
  7401 | D:8      | Noticed a two-headed ogre
  7431 | D:8      | Killed a two-headed ogre
  7431 | D:8      | Reached XP level 10. HP: 59/59 MP: 0/21
  7659 | D:8      | Reached skill level 1 in Staves
  7687 | D:8      | Offered knowledge of Ignite Poison by Vehumet.
  7739 | D:8      | Learned a level 3 spell: Ignite Poison
  7744 | D:8      | Learned a level 1 spell: Apportation
  7792 | D:8      | Noticed a two-headed ogre
  7800 | D:8      | Killed a two-headed ogre
  7804 | D:8      | Killed a two-headed ogre
  8628 | D:9      | Reached *** piety under Vehumet
  8687 | D:9      | Found a staircase to the Lair.
  8756 | D:9      | Reached skill level 10 in Spellcasting
  8901 | D:9      | Found a staircase to the Orcish Mines.
  9073 | D:9      | Noticed 1994's ghost (journeyman OgBe)
  9078 | D:9      | Demolished by 1994's ghost

Skill      XL: |  1  2  3  4  5  6  7  8  9 10 |
---------------+-------------------------------+-----
Fire Magic     | 4 5 6 7 8 10 | 10.1
Conjurations   | 2 3 4 6 |  6.1
Fighting       | 1 3 5 |  5.0
Spellcasting   | 5 6 10 | 10.2
Evocations     | 3 5 |  5.0
Dodging        | 7 |  7.2
Staves         | 4 |  4.0
Stealth        | 4 |  4.5

Action                   |  1- 3 |  4- 6 |  7- 9 | 10-12 || total
-------------------------+-------+-------+-------+-------++-------
Melee: Spear             |    13 |    16 |    91 |       ||   120
       Staff             |       |       |     2 |     2 ||     4
       Quarterstaff      |       |       |    20 |    35 ||    55
 Cast: Flame Tongue      |    61 |   109 |   230 |   102 ||   502
       Throw Flame       |     1 |     3 |     5 |       ||     9
       Conjure Flame     |       |     5 |    20 |     9 ||    34
       Sticky Flame      |       |       |     6 |    10 ||    16
       Fireball          |       |       |     7 |     2 ||     9
  Use: Scroll            |     6 |     6 |     5 |     6 ||    23
       Potion            |       |       |     1 |       ||     1
 Stab: Sleeping          |     1 |     1 |       |       ||     2
       Distracted        |       |       |     1 |       ||     1
  Eat: Chunk             |       |     9 |    10 |     5 ||    24
       Ration            |       |       |     1 |       ||     1
Armor: Robe              |    10 |     1 |    24 |    12 ||    47
       Leather armour    |       |    13 |    37 |       ||    50
Dodge: Dodged            |    33 |    27 |   109 |    50 ||   219
